 Dungeon Crawl Stone Soup version 0.32-a0-607-g64ea0e4219 (webtiles) character file.

Game seed: 15939171154937023377

462351 croobank the Thanatomancer (level 24, 0/173 (178) HPs)
             Began as a Human Summoner on Mar 2, 2024.
             Was the Champion of Jiyva.
             Slain by a Tzitzimitl (13 damage)
             ... called by a doom hound
             ... on level 3 of the Depths on Mar 3, 2024.
             The game lasted 07:09:41 (55915 turns).

croobank the Thanatomancer (Human Summoner)        Turns: 55915, Time: 07:09:42

HP:   0/173 (178)   AC: 16    Str: 21    XL:     24   Next: 19%
MP:   0/57          EV: 16    Int: 39    God:    Jiyva [******]
Gold: 4804          SH: 12    Dex: 13    Spells: 2/55 levels left

rFire   + + +        b - +9 hand cannon (drain)
rCold   . . .        X - +1 kite shield {reflect}
rNeg    . . .        f - +5 moon troll leather armour {Spirit, Regen++ MP+5}
rPois   +            B - +2 helmet
rElec   +            R - scarf of Haufaehi {repulsion, rPois Int+2}
rCorr   +            (no gloves)
SInv    +            F - +1 pair of boots {Fly}
Will    ++...        I - amulet "Kojunef" {Faith ^Contam rElec Int+8}
Stlth   ++++         K - ring "Nuonner" {Will+ rCorr MP+9 Str+3 Int+2}
HPRegen 3.68/turn    x - ring of Juwaqeda {rPois rCorr Int+4 SInv}
MPRegen 1.15/turn

%: repel missiles, reflection, guardian spirit, faith
@: about to teleport, doom-hounded, flying, very slightly contaminated, slowed,
studying 2 skills, lightly drained, very slow
A: explore regen, hooves 2, fire resistance 3, strong 2, wild magic 3, eyeballs
2, gelatinous body 1, evolution 2, jelly sensing items
}: 3/15 runes: serpentine, barnacled, slimy
a: Renounce Religion, Oozemancy, Slimify


You were on level 3 of the Depths.
You worshipped Jiyva.
Jiyva was exalted by your worship.
You visited 9 branches of the dungeon, and saw 45 of its levels.
You visited the Abyss 1 time.
You also visited: Sewer and Ossuary.

You collected 5645 gold pieces.
You spent 841 gold pieces at shops.

Inventory:

Hand Weapons
 b - a +9 hand cannon of draining (weapon)
 l - a +6 scimitar of flaming
 M - the +4 consecrated labrys {holy, Valiant ^Fragile Fly SInv}
   (You found it on level 8 of the Dungeon)

   Valiant:   It becomes more powerful as more dangerous foes come into view.
   SInv:      It lets you see invisible.
   Fly:       It grants you flight.
   ^Fragile:  It will be destroyed if unequipped.
Missiles
 Q - 5 throwing nets
Armour
 f - the +5 moon troll leather armour (worn) {Spirit, Regen++ MP+5}
   (You found it on level 5 of the Pits of Slime)

   MP+5:      It affects your magic capacity (+5).
   Regen++:   It increases your rate of health regeneration.
 B - a +2 helmet (worn)
 F - a +1 pair of boots of flying (worn)
 R - the scarf of Haufaehi (worn) {repulsion, rPois Int+2}
   (You acquired it on level 3 of the Lair of Beasts)

   Int+2:     It affects your intelligence (+2).
   rPois:     It protects you from poison.
 X - a +1 kite shield of reflection (worn)
Jewellery
 a - a +4 ring of protection
 m - the ring "Dyheqoz" {rPois Int+3 Dex+5}
   (You found it on level 5 of the Pits of Slime)

   [ring of poison resistance]

   Int+3:     It affects your intelligence (+3).
   Dex+5:     It affects your dexterity (+5).
   rPois:     It protects you from poison.
 s - a ring of positive energy
 v - a +4 ring of protection
 x - the ring of Juwaqeda (right hand) {rPois rCorr Int+4 SInv}
   (You found it on level 5 of the Pits of Slime)

   [ring of poison resistance]

   Int+4:     It affects your intelligence (+4).
   rPois:     It protects you from poison.
   SInv:      It lets you see invisible.
   rCorr:     It protects you from acid and corrosion.
 C - an amulet of magic regeneration
 I - the amulet "Kojunef" (around neck) {Faith ^Contam rElec Int+8}
   (You acquired it on level 3 of the Lair of Beasts)

   [amulet of faith]

   Faith:     It allows you to gain divine favour quickly.
   Int+8:     It affects your intelligence (+8).
   rElec:     It insulates you from electricity.
   ^Contam:   It causes magical contamination when unequipped.
 K - the ring "Nuonner" (left hand) {Will+ rCorr MP+9 Str+3 Int+2}
   (You took it off an ironbound convoker on level 2 of the Vaults)

   [ring of willpower]

   Str+3:     It affects your strength (+3).
   Int+2:     It affects your intelligence (+2).
   Will+:     It increases your willpower.
   MP+9:      It affects your magic capacity (+9).
   rCorr:     It protects you from acid and corrosion.
 L - the ring "Ycuddeme" {rF+ Int+4 Dex+2}
   (You found it on level 3 of the Elven Halls)

   [ring of protection from fire]

   Int+4:     It affects your intelligence (+4).
   Dex+2:     It affects your dexterity (+2).
   rF+:       It protects you from fire.
 O - a ring of wizardry
 S - a +4 ring of slaying
 W - the ring "Unwuywn" {rC+ rCorr Str+3}
   (You took it off a deep elf annihilator on level 3 of the Elven Halls)

   [ring of protection from cold]

   Str+3:     It affects your strength (+3).
   rC+:       It protects you from cold.
   rCorr:     It protects you from acid and corrosion.
Wands
 i - a wand of flame (61)
 t - a wand of mindburst (9)
 y - a wand of digging (5)
 z - a wand of charming (36)
 D - a wand of roots (25)
 V - a wand of light (25)
Scrolls
 d - 4 scrolls of noise
 e - 3 scrolls of fog
 p - 3 scrolls of fear
 u - 6 scrolls of poison
 A - 4 scrolls of revelation
 G - a scroll of immolation
 J - a scroll of vulnerability
 U - 2 scrolls of amnesia
 Y - 12 scrolls of identify
Potions
 c - 14 potions of curing
 g - 3 potions of lignification
 h - 2 potions of invisibility
 j - 2 potions of magic
 k - 11 potions of mutation
 n - 8 potions of enlightenment
 o - 11 potions of haste
 r - a potion of cancellation
 w - 2 potions of attraction
 E - 3 potions of ambrosia
 P - 2 potions of resistance
 T - 6 potions of might
 Z - a potion of heal wounds
Miscellaneous
 q - a phantom mirror (inert)
 H - a phial of floods


   Skills:
 + Level 11.9 Fighting
 + Level 3.7 Axes
 - Level 18.0 Ranged Weapons
 - Level 11.3 Armour
 - Level 10.0 Dodging
 - Level 10.0 Stealth
 - Level 10.0 Shields
 - Level 16.0 Spellcasting
 - Level 5.0 Hexes
 - Level 14.0 Summonings
 + Level 23.5 Necromancy
 - Level 4.0 Translocations
 - Level 5.0 Fire Magic
 - Level 7.0 Air Magic


You had 2 spell levels left.
You knew the following spells:

 Your Spells              Type           Power      Damage    Failure   Level
b - Call Imp              Summ           100%       N/A       1%          2
c - Call Canine Familiar  Summ           100%       N/A       1%          3
d - Summon Blazeheart Go  Fire/Summ      100%       N/A       4%          4
e - Summon Lightning Spi  Summ/Air       100%       N/A       3%          4
A - Animate Dead          Necr           100%       N/A       1%          4
B - Blink                 Tloc           100%       N/A       5%          2
D - Death Channel         Necr           79%        N/A       1%          6
H - Haunt                 Necr/Summ      73%        N/A       6%          7
I - Infestation           Necr           79%        N/A       6%          8
N - Anguish               Hex/Necr       67%        N/A       1%          4
Z - Death's Door          Necr           79%        N/A       36%         9

Your spell library contained the following spells:

 Spells                   Type           Power      Damage    Failure   Level
 Kiss of Death            Conj/Necr      100%       2d13      1%          1
 Necrotise                Necr           100%       1d9       1%          1
 Summon Small Mammal      Summ           100%       N/A       1%          1
 Cigotuvi's Dreadful Rot  Necr/Alch/Air  100%       N/A       1%          2
 Slow                     Hex            100%       N/A       3%          1
 Apportation              Tloc           100%       N/A       4%          1
 Shock                    Conj/Air       100%       1d9       4%          1
 Jinxbite                 Hex            100%       N/A       4%          2
 Foxfire                  Conj/Fire      100%       2x1d9     5%          1
 Lesser Beckoning         Tloc           100%       N/A       5%          2
 Mercury Vapours          Alch/Air       100%       N/A       5%          2
 Static Discharge         Conj/Air       100%       3-8/arc   5%          2
 Ensorcelled Hibernation  Hex/Ice        100%       N/A       7%          2
 Momentum Strike          Conj/Tloc      100%       3d10      8%          2
 Magic Dart               Conj           100%       1d8       10%         1
 Searing Ray              Conj           100%       2d8       13%         2
 Fugue of the Fallen      Necr           100%       N/A       1%          3
 Vampiric Draining        Necr           100%       2d13      1%          3
 Dispel Undead            Necr           100%       3d31      1%          4
 Curse of Agony           Necr           100%       N/A       1%          5
 Summon Ice Beast         Ice/Summ       100%       N/A       4%          3
 Swiftness                Air            100%       N/A       4%          3
 Borgnjor's Vile Clutch   Necr/Erth      62%        N/A       4%          5
 Confusing Touch          Hex            93%        N/A       6%          3
 Inner Flame              Hex/Fire       93%        N/A       6%          3
 Sigil of Binding         Hex            93%        N/A       6%          3
 Tukima's Dance           Hex            93%        N/A       6%          3
 Borgnjor's Revivificati  Necr           79%        N/A       6%          8
 Volatile Blastmotes      Fire/Tloc      100%       2d18      7%          3
 Airstrike                Air            52%        2d(8-24)  7%          4
 Animate Armour           Summ/Erth      100%       N/A       7%          4
 Gell's Gravitas          Tloc           87%        N/A       8%          3
 Teleport Other           Tloc           87%        N/A       8%          3
 Dazzling Flash           Conj/Hex       100%       N/A       11%         3
 Vhi's Electric Charge    Tloc/Air       100%       N/A       11%         4
 Dimensional Bullseye     Hex/Tloc       45%        N/A       13%         4
 Manifold Assault         Tloc           87%        N/A       16%         4
 Passage of Golubria      Tloc           87%        N/A       16%         4
 Frozen Ramparts          Ice            100%       1d16      21%         3
 Ozocubu's Armour         Ice            56%        N/A       21%         3
 Passwall                 Erth           56%        N/A       21%         3
 Stone Arrow              Conj/Erth      100%       3d13      21%         3
 Flame Wave               Conj/Fire      77%        2d17      24%         4
 Ignite Poison            Fire/Alch      77%        N/A       24%         4
 Sticky Flame             Fire/Alch      77%        2d12      24%         4
 Arcjolt                  Conj/Air       42%        1d52      36%         5
 Brom's Barrelling Bould  Conj/Erth      56%        2d7       45%         4
 Fulminant Prism          Conj/Alch      28%        3d14      45%         4
 Leda's Liquefaction      Alch/Erth      28%        N/A       45%         4
 Olgreb's Toxic Radiance  Alch           56%        N/A       45%         4
 Petrify                  Alch/Erth      56%        N/A       45%         4
 Fireball                 Conj/Fire      38%        3d16      45%         5
 Metabolic Englaciation   Hex/Ice        38%        N/A       45%         5
 Yara's Violent Unravell  Hex/Alch       38%        3d15      45%         5
 Freezing Cloud           Conj/Ice/Air   38%        6-21      47%         5
 Alistair's Intoxication  Alch           37%        N/A       75%         5
 Iskenderun's Battlesphe  Conj           56%        2d11      75%         5
 Lee's Rapid Deconstruct  Erth           28%        3d15*     75%         5
 Dispersal                Tloc           43%        N/A       77%         6
 Conjure Ball Lightning   Conj/Air       42%        3x3d15    82%         6
 Starburst                Conj/Fire      38%        6d11      91%         6
 Enfeeble                 Hex            46%        N/A       98%         7
 Sculpt Simulacrum        Ice/Alch       28%        N/A       99%         6
 Orb of Destruction       Conj           28%        9d9       100%        7
 Ozocubu's Refrigeration  Ice            28%        4d13      100%        7
 Discord                  Hex            46%        N/A       100%        8
 Disjunction              Tloc           43%        N/A       100%        8
 Ignition                 Fire           46%        3d13      100%        8
 Lehudib's Crystal Spear  Conj/Erth      28%        10d7      100%        8
 Maxwell's Capacitive Co  Air            52%        ∞         100%        8
 Chain Lightning          Conj/Air       42%        3d56      100%        9
 Fire Storm               Conj/Fire      38%        8d10      100%        9


Dungeon Overview and Level Annotations

Branches:
Dungeon (15/15)            Temple (0/1) D:6            Lair (5/5) D:8
 Shoals (4/4) Lair:3        Snake (4/4) Lair:3        Slime (5/5) Lair:4
    Orc (2/2) D:12            Elf (3/3) Orc:2        Vaults (4/5) D:14
  Crypt (0/3) Vaults:3     Depths (3/4) D:15          Sewer (visited)
Ossuary (visited)

Altars:
Elyvilon
Fedhas
Gozag
Kikubaaqudgha
Okawaru
Sif Muna
Vehumet
Yredelemnul
Zin
The Shining One
Beogh
Jiyva

Shops:
Orc:1 :   Orc:2 *[[?   Elf:3 (

Portals:
Hell: Depths:1 Depths:2
Abyss: Depths:1 Depths:3
Pandemonium: Depths:2 Depths:3
Ziggurat: Depths:1
Trove: Depths:1 (give 12 potions of heal wounds)

Annotations:
Slime:5 Royal Jelly
Elf:1 3 runed translucent doors, Famehell's ghost, journeyman OpSh; Lurir's ghost, journeyman KoHu; Viaheush's ghost, journeyman GnWn
Vaults:1 3 runed translucent doors, Harhicoo's ghost, adept MiBe; Xedevy's ghost, adept KoEn
Depths:1 3 runed translucent doors, BubbleThief's ghost, adept MDCA
Depths:3 Josephina


Innate Abilities, Weirdness & Mutations

You regain HP and MP as you explore.
You have hoof-like feet.
Your flesh is almost immune to the effects of heat. (rF+++)
Your muscles are very strong. (Str +8, Int/Dex -2)
Your spells are much harder to cast, but much more powerful.
Your body has grown many eyes which may confuse attackers. (Acc +5)
Your rubbery body absorbs attacks. (AC +1, EV +1)
You have great hidden genetic potential.
You have a small jelly attached to you that senses nearby items.


Message History

Press: ? - help, Q - select action, (/) - cycle Shift-Dir - straight line, f - putrid mouth, p - Grunn
Aim: a putrid mouth (moderately damaged, 71% to hit)
You shoot a bolt. The bolt hits the putrid mouth.
The putrid mouth is moderately damaged.
The doom hound bites you!
The doom hound claws you but does no damage.
The putrid mouth bites you. The putrid mouth claws you!
Grunn hits your wraith with a +8 glaive of draining!!!
Your wraith is destroyed!
Your wraith disappears in a puff of smoke!
Your azure jelly closely misses the doom hound.
Your azure jelly hits the doom hound.
Your azure jelly freezes the doom hound!!
Your azure jelly hits the doom hound.
Your azure jelly barely misses the doom hound.
The Tzitzimitl completely misses you. The Tzitzimitl bites you.
You feel drained.
Your phantasmal warrior hits Grunn!!
Grunn is destroyed!
You block the Tzitzimitl's attack. x2
As you read the scroll of teleportation, it crumbles to dust.
You feel strangely unstable. You block the doom hound's attack. x2
The doom hound bites you!!
* * * LOW HITPOINT WARNING * * *
The doom hound completely misses you.
The eyeballs on your body gaze at the doom hound.
Your azure jelly closely misses the doom hound.
Your azure jelly hits the doom hound but does no damage. x2
Your azure jelly hits the doom hound.
Your shadow wraith hits the doom hound!
The putrid mouth throws miasma at you.
The foul vapour is repelled.
The Tzitzimitl engulfs you!
* * * LOW HITPOINT WARNING * * *
The Tzitzimitl drains your vigour!
You feel yourself slow down. The Tzitzimitl bites you!
* * * LOW HITPOINT WARNING * * *
You block the doom hound's attack. The doom hound claws you.
* * * LOW HITPOINT WARNING * * *
The hell knight is engulfed in dark miasma.
The hell knight is poisoned.
The Tzitzimitl engulfs you!
You die...
Jiyva sends a jelly to digest your remains.

.........^..............##
.................[....#..
...#.....#...Z.#......#.#
##.#.###.#.###.#.###....# #
...#.....#.....#..........#
......#.....#..Z..#.......#
..###.#.###.#.###○#§###...#.#
......#.....#.○1W1#W)WW......
.........#.....#@hh§.#Z......
.....###.#.###.#h###§#.###...
.##......#.....#pJ...#... .
... J##.........#.....#....g#
. ...
.##.....###.#.###.#.###.#.##
...
....##......#.....#....W#...
...
.....##................W....
##.
............................
...
#....######......###........


You could see 3 doom hounds, 2 Tzitzimimeh, a putrid mouth (catching breath,
ally target), a hell knight (poisoned), a friendly azure jelly (summoned), a
friendly shadow wraith (summoned, invisible), a friendly phantasmal warrior
(summoned) and a friendly wraith (summoned).

Vanquished Creatures
  A tentacled monstrosity (Vaults:4)
  A lich (Depths:2)
  A deep elf master archer (Elf:3)
  A sphinx (Vaults:2)
  An acid blob (Slime:3)
  A shadow dragon (Depths:3)
  4 azure jellies
  Kirke (Lair:4)
  3 rockslimes
  2 deep elf sorcerers
  A balrug (Depths:2)
  A quicksilver ooze (Slime:5)
  A deep elf elementalist (Elf:3)
  A vault warden (Vaults:2)
  A reaper (Depths:2)
  An ironbound thunderhulk (Vaults:2)
  A deep elf death mage (Vaults:4)
  An ironbound preserver (Vaults:2)
  A war gargoyle (Vaults:4)
  4 spark wasps
  4 deep elf annihilators
  3 dire elephants
  A merfolk impaler (Shoals:4)
  A fire dragon (Depths:3)
  5 vault guards
  2 deep elf high priests
  A yaktaur captain (Vaults:1)
  A salamander tyrant (Snake:4)
  An ice dragon (D:13)
  2 rakshasas
  3 hydras
  3 ogre magi
  2 anacondas
  17 dancing weapons
  A merfolk aquamancer (Shoals:3)
  A two-headed ogre (D:15)
  2 centaur warriors
  2 boulder beetles
  6 death yaks
  4 orc high priests
  2 shock serpents (Snake:3)
  4 naga warriors
  5 naga sharpshooters
  Urug (Lair:5)
  A hell knight (Depths:3)
  6 deep elf knights
  2 skeletal warriors (D:15)
  A salamander mystic (Snake:4)
  A skyshark (Shoals:1)
  10 nameless horrors
  2 sea snakes (Shoals:1)
  Lodul (D:12)
  3 mana vipers (Snake:3)
  A cherub (Shoals:4)
  2 deep trolls
  2 arcanists
  An anaconda zombie (Snake:3)
  A glowing orange brain (D:15)
  A phantasmal warrior (Depths:3)
  3 ugly thing zombies (D:14)
  5 deep elf archers
  3 ironbound convokers
  12 deep elf pyromancers
  2 thermic dynamos (Elf:3)
  8 deep elf zephyrmancers
  A necromancer (Depths:3)
  3 orc knights (Orc:2)
  2 orc sorcerers
  A harpy (Vaults:4)
  4 salamanders
  2 wolf spiders (Lair:3)
  7 manticores
  7 ugly things
  3 cyclopes
  2 fauns (Shoals:2)
  A frost giant skeleton (Vaults:1)
  14 black mambas
  A water nymph (Shoals:1)
  3 kobold blastminers (Orc:2)
  16 elephants
  2 merfolk sirens
  A gargoyle (D:11)
  2 naga magi
  2 vault sentinels
  3 merfolk zombies (Shoals:4)
  3 unseen horrors
  A guardian serpent (Snake:2)
  10 cane toads
  2 kobold demonologists (D:13)
  A mana viper zombie (Snake:3)
  A rime drake (Lair:2)
  3 komodo dragons
  A yaktaur (D:15)
  A tengu conjurer (D:13)
  2 hornets
  3 merfolk
  2 trolls
  A wind drake (Shoals:2)
  2 polar bears
  Prince Ribbit (D:5)
  A boulder beetle zombie (Lair:5)
  A blink frog (Lair:4)
  2 guardian serpent zombies
  A small abomination (Depths:3)
  17 slime creatures
  A spriggan (shapeshifter) (Elf:2)
  A shadow (D:11)
  2 air elementals (Elf:3)
  2 wraiths
  4 water elementals
  A yak (shapeshifter) (D:14)
  12 yaks
  A warg (Orc:2)
  2 wyverns (D:10)
  3 basilisks
  2 hogs (Lair:4)
  5 vampire mosquitoes
  The ghost of MadMike78 the Chopper, an amateur CoFi (D:3)
  3 redbacks (Vaults:3)
  2 death yak simulacra (Lair:5)
  Menkaure (D:5)
  A chaos spawn (Depths:3)
  12 nagas
  5 acid dragons
  7 two-headed ogre zombies
  11 water moccasins
  11 orc warriors
  3 ogres (D:12)
  A black bear (Lair:5)
  2 laughing skulls (D:15)
  A snapping turtle zombie (Shoals:4)
  An elephant zombie (Lair:5)
  11 wolves
  A manticore zombie (D:13)
  6 centaurs
  2 phantoms
  2 salamander zombies
  6 bullfrogs
  3 scorpions
  6 wights
  A yak zombie (Lair:4)
  An elephant simulacrum (Lair:5)
  7 electric eels
  3 howler monkeys (D:8)
  2 wolf zombies (Lair:1)
  A bombardier beetle (D:7)
  2 jellies
  7 orc priests
  A basilisk zombie (Lair:5)
  2 hounds
  A gnoll bouda (Depths:3)
  2 iguanas
  11 orc wizards
  6 naga zombies
  11 ogre zombies
  3 gnolls (D:6)
  An adder (D:6)
  A river rat (Sewer)
  2 hell rat simulacra (Lair:5)
  2 ufetubi (D:7)
  A dart slug (D:4)
  A ribbon worm (D:3)
  34 orcs
  An endoplasm (D:3)
  A giant cockroach (D:3)
  3 hobgoblins
  3 jackals
  3 quokkas
  3 ball pythons
  2 bats
  A frilled lizard (D:1)
  2 goblins
  A hobgoblin skeleton (Ossuary)
  12 kobolds
  An orc skeleton (Ossuary)
  11 orc zombies
  3 rats
  A spectral weapon (Lair:4)
590 creatures vanquished.

Vanquished Creatures (collateral kills)
  Sojobo (Vaults:3)
  Margery (Vaults:4)
  2 golden dragons
  Norris (Depths:2)
  A hellephant (Vaults:4)
  A lich (Depths:2)
  Grunn (Depths:3)
  2 deep elf blademasters (Elf:3)
  2 titans
  36 acid blobs
  A kraken (Shoals:4)
  2 sphinxes (Vaults:4)
  A storm dragon (Depths:2)
  13 rockslimes
  3 tengu reavers
  A daeva (Shoals:4)
  A fire giant (Depths:3)
  19 azure jellies
  Ilsuiw (Shoals:3)
  Aizul (Vaults:2)
  6 deep elf sorcerers
  4 vault wardens
  3 frost giants
  An orc warlord (Vaults:1)
  4 deep elf elementalists
  A spectral juggernaut (Depths:2)
  5 very ugly things
  5 ironbound thunderhulks
  17 quicksilver oozes
  11 ironbound preservers
  A formless jellyfish (Slime:5)
  2 vampire knights
  An apis (Shoals:4)
  5 stone giants
  8 deep elf demonologists
  4 deep elf annihilators
  9 deep elf death magi
  7 dire elephants
  4 merfolk impalers
  A crystal guardian (Vaults:3)
  2 ettins
  2 merfolk javelineers (Shoals:4)
  2 fire dragons (Depths:2)
  2 deep elf high priests (Elf:3)
  4 entropy weavers
  4 yaktaur captains
  3 great orbs of eyes
  A rakshasa (Depths:3)
  3 salamander tyrants (Snake:4)
  2 ice dragons (Depths:2)
  2 vault guards (D:14)
  An anaconda (Snake:1)
  2 hydras
  A peacekeeper (Vaults:4)
  2 ironbound frosthearts
  5 merfolk aquamancers
  3 merfolk avatars
  2 catoblepae
  A spriggan air mage (Depths:1)
  A centaur warrior (D:13)
  A boulder beetle (D:13)
  17 dancing weapons
  A two-headed ogre (D:15)
  A torpor snail (shapeshifter) (D:15)
  3 deep troll shamans
  A vampire mage (Depths:1)
  An occultist (Depths:1)
  3 alligator snapping turtles
  A satyr (Shoals:3)
  6 death yaks
  6 naga sharpshooters
  4 nameless horrors
  An orc high priest (Orc:2)
  2 shock serpents
  7 deep elf knights
  4 hell knights
  A sun demon (Depths:3)
  8 naga warriors
  4 skysharks
  A soul eater (Depths:2)
  A sixfirhy (Depths:3)
  3 salamander mystics
  28 deep trolls
  3 arcanists
  7 sea snakes
  6 deep elf archers
  6 mana vipers
  A cherub (Shoals:4)
  4 naga ritualists
  17 ironbound convokers
  A phantasmal warrior (Depths:3)
  5 deep elf zephyrmancers
  4 harpies
  5 necromancers
  5 lindwurms
  18 deep elf pyromancers
  3 thermic dynamos
  8 orc knights
  8 fauns
  2 cyclopes
  3 shining eyes
  11 ugly things
  2 orc sorcerers (Orc:2)
  5 manticores
  A kobold blastminer (Orc:1)
  14 salamanders
  10 black mambas
  A formless jellyfish zombie (Slime:5)
  3 guardian serpents
  5 naga magi
  An eye of devastation (Slime:4)
  9 merfolk sirens
  A water nymph (Shoals:3)
  7 vault sentinels
  A cane toad (Lair:2)
  6 elephants
  A human zombie (Vaults:1)
  3 large abominations (Depths:3)
  6 yaktaurs
  2 unseen horrors (Depths:3)
  4 komodo dragons
  2 rime drakes
  A tormentor (Depths:3)
  An efreet (D:13)
  2 tengu conjurers
  A human skeleton (Vaults:1)
  3 trolls
  A polar bear (Lair:5)
  4 wind drakes
  19 merfolk
  A glass eye (Slime:5)
  16 blink frogs
  3 snapping turtles
  A black mamba zombie (Snake:3)
  An air elemental (Elf:1)
  A stone giant simulacrum (Vaults:1)
  A culicivora (Vaults:3)
  A shadow (D:10)
  64 slime creatures
  A centaur simulacrum (D:15)
  18 yaks
  2 wyverns
  14 water elementals
  A basilisk (Lair:5)
  3 small abominations (Depths:3)
  2 hogs (Lair:4)
  6 golden eyes (Slime:1)
  3 fire elementals
  2 redbacks
  2 vampire mosquitoes
  A chaos spawn (Depths:3)
  A death yak simulacrum (Lair:5)
  6 salamander zombies
  A hydra simulacrum (Lair:5)
  4 water moccasins
  2 acid dragons (D:13)
  20 nagas
  7 naga zombies
  A sky beast (D:7)
  A black bear (D:5)
  16 orc warriors
  2 laughing skulls (D:13)
  7 centaurs
  10 wolves
  8 ogres
  A phantom (D:3)
  Blork the orc (D:4)
  4 kobold brigands
  9 bullfrogs
  4 earth elementals
  2 scorpions (D:8)
  7 wights
  A burial acolyte (Ossuary)
  4 elephant simulacra (Lair:5)
  3 howler monkeys
  2 jellies (D:4)
  An electric eel (Snake:2)
  3 hounds
  8 orc priests
  Jessica (D:2)
  2 sleepcaps
  An iguana (D:5)
  9 orc wizards
  6 ogre zombies (Orc:1)
  Robin (D:2)
  8 adders
  An ufetubus (Depths:3)
  An adder skeleton (Ossuary)
  2 ribbon worms
  2 dart slugs (D:2)
  32 orcs
  10 ball pythons
  5 endoplasms
  2 giant cockroaches
  9 goblins
  9 hobgoblins
  3 jackals
  3 quokkas
  A ball python skeleton (Ossuary)
  7 bats
  3 frilled lizards
  8 kobolds
  A kobold skeleton (Ossuary)
  2 orc skeletons (Ossuary)
  5 orc zombies (D:12)
  2 rats
  A tentacle (Shoals:4)
990 creatures vanquished.

Vanquished Creatures (others)
  Vashnia (Snake:3)
  Rupert (D:15)
  A deep elf blademaster (Elf:3)
  A deep elf master archer (Elf:3)
  A sphinx (Vaults:4)
  A quicksilver dragon (Depths:2)
  18 acid blobs
  2 tengu reavers
  10 rockslimes
  9 azure jellies
  A vault warden (Vaults:4)
  A fire giant (Depths:3)
  2 orc warlords
  3 deep elf elementalists
  The ghost of Biggs the Eclecticist, a journeyman DjCj of Makhleb (Snake:3)
  6 quicksilver oozes
  4 ironbound preservers
  4 very ugly things
  6 formless jellyfish
  5 rockslime zombies (Slime:5)
  A deep elf demonologist (Elf:3)
  4 dire elephants
  3 deep elf annihilators (Elf:3)
  15 acid blob zombies
  An ettin (Depths:3)
  2 yaktaur captains
  7 merfolk impalers
  A deep elf high priest (Vaults:4)
  7 merfolk javelineers
  2 very ugly thing zombies (Depths:3)
  2 vault guards (D:14)
  An entropy weaver (Vaults:4)
  A peacekeeper (Vaults:3)
  4 ice dragons
  3 great orbs of eyes
  4 salamander tyrants
  6 centaur warriors
  A catoblepas (D:14)
  An alligator snapping turtle (Shoals:2)
  A tengu warrior (Depths:1)
  4 anacondas
  2 satyrs
  A boulder beetle (Lair:5)
  2 ironbound frosthearts
  6 merfolk aquamancers
  2 two-headed ogres (D:15)
  A deep troll shaman (Lair:5)
  9 quicksilver ooze zombies
  8 naga warriors
  11 azure jelly zombies
  A titan zombie (Vaults:4)
  2 deep troll earth magi
  A shock serpent (Snake:2)
  4 naga sharpshooters
  2 spriggan berserkers (Depths:2)
  4 deep elf knights
  3 skeletal warriors (D:15)
  An iron troll (Depths:2)
  3 salamander mystics
  3 glowing orange brains (Depths:2)
  2 spark wasp zombies (Depths:3)
  2 cherubim (Shoals:4)
  2 skysharks (Depths:2)
  4 anaconda zombies
  A mana viper (Snake:1)
  2 sea snakes
  2 flayed ghosts (Depths:3)
  14 deep trolls
  6 ugly thing zombies
  A shadow dragon zombie (Depths:3)
  2 orc knights
  3 naga ritualists
  7 harpies
  2 lindwurms
  7 deep elf pyromancers
  4 deep elf zephyrmancers
  An ironbound convoker (Vaults:2)
  5 manticores
  18 salamanders
  An orc sorcerer (Orc:2)
  A frost giant zombie (Depths:2)
  6 ugly things
  3 cyclopes
  3 fauns (Shoals:2)
  3 kobold blastminers
  5 elephants
  6 black mambas
  7 centaur zombies
  A shock serpent zombie (Snake:4)
  5 guardian serpents
  5 naga magi
  A water nymph (Shoals:4)
  A formless jellyfish zombie (Slime:5)
  6 vault sentinels
  A mana viper zombie (Snake:1)
  5 unseen horror zombies (Depths:3)
  4 merfolk sirens
  3 cane toads
  An unseen horror (Depths:3)
  6 sea snake zombies
  A yaktaur zombie (Vaults:2)
  2 redback zombies (Vaults:3)
  A tengu conjurer (D:15)
  3 yaktaurs
  A great orb of eyes zombie (Slime:5)
  A troll (D:13)
  2 harpy zombies (Shoals:4)
  A hydra zombie (Lair:1)
  A hornet (shapeshifter) (D:15)
  A merfolk (shapeshifter) (Depths:3)
  A dream sheep (Shoals:4)
  A wind drake (Shoals:4)
  4 blink frogs
  6 merfolk
  A snapping turtle (Shoals:4)
  A spriggan zombie (Depths:2)
  3 glass eyes
  A fire dragon zombie (Depths:2)
  4 guardian serpent zombies
  A satyr zombie (Shoals:4)
  A culicivora zombie (Vaults:3)
  46 slime creatures
  8 black mamba zombies
  A ynoxinul (Depths:3)
  A spriggan (shapeshifter) (Elf:1)
  An ice dragon zombie (Depths:3)
  2 water elementals (Elf:2)
  A wind drake zombie (Shoals:4)
  35 slime creature zombies
  8 yaks
  A golden eye (shapeshifter) (Elf:1)
  A wraith (D:14)
  2 vampire mosquitoes
  23 merfolk zombies
  A chaos spawn (Depths:3)
  2 wargs
  6 deep troll zombies
  3 two-headed ogre zombies (D:15)
  3 entropy weaver zombies (Vaults:3)
  2 water nymph zombies
  15 human zombies
  4 skyshark zombies
  10 nagas
  A water moccasin (Lair:4)
  A cane toad zombie (Lair:4)
  A faun zombie (Shoals:1)
  37 elf zombies
  6 orc warriors
  A snapping turtle zombie (Shoals:4)
  A laughing skull (D:13)
  A lindwurm zombie (Lair:5)
  A black bear (Depths:3)
  A human (D:5)
  11 elephant zombies
  2 wolves
  2 manticore zombies
  6 blink frog zombies
  2 ogres
  2 centaurs
  A torpor snail zombie (D:15)
  14 salamander zombies
  A rime drake zombie (Lair:3)
  3 kobold zombies (Orc:2)
  A cyclops zombie (D:13)
  2 water moccasin zombies
  11 yak zombies
  3 tengu zombies
  2 polar bear zombies
  5 wolf zombies
  161 jellies
  2 bullfrog zombies
  An orc priest (Orc:2)
  An iguana (Depths:3)
  2 orc wizards (Orc:2)
  21 naga zombies
  4 ogre zombies
  An acid dragon zombie (D:13)
  An adder (D:3)
  9 orcs
  A jackal (Sewer)
  37 orc zombies
  137 blazeheart cores
  5 tentacles (Shoals:4)
1090 creatures vanquished.

Grand Total: 2670 creatures vanquished

Notes
Turn   | Place    | Note
-------+----------+-------------------------------------------
     0 | D:1      | croobank the Human Summoner began the quest for the Orb.
     0 | D:1      | Reached XP level 1. HP: 13/13 MP: 3/3
   368 | D:1      | Reached XP level 2. HP: 19/19 MP: 1/5
   371 | D:1      | Learned a level 2 spell: Call Imp
   699 | D:1      | Found a faded altar of an unknown god.
  1179 | D:2      | Noticed Jessica
  1201 | D:2      | Killed Jessica
  1202 | D:2      | Reached XP level 3. HP: 15/24 MP: 1/6
  1206 | D:2      | Learned a level 3 spell: Call Canine Familiar
  1357 | D:2      | Reached XP level 4. HP: 30/30 MP: 2/7
  1849 | D:2      | Noticed Robin
  1870 | D:2      | Killed Robin
  2349 | D:3      | Found a radiant altar of Vehumet.
  2402 | D:3      | Noticed MadMike78's ghost (amateur CoFi)
  2406 | D:3      | Found a runed translucent door.
  2411 | D:3      | Noticed a phantom
  2421 | D:3      | Killed a phantom
  2422 | D:3      | Reached XP level 5. HP: 35/35 MP: 5/9
  2427 | D:3      | Learned a level 4 spell: Summon Blazeheart Golem
  2552 | D:3      | Found an iron altar of Okawaru.
  2653 | D:3      | Reached XP level 6. HP: 22/42 MP: 6/10
  3050 | D:3      | Reached skill level 1 in Fire Magic
  3353 | D:3      | Killed MadMike78's ghost
  3354 | D:3      | Reached skill level 1 in Fighting
  3354 | D:3      | Reached skill level 5 in Summonings
  3717 | D:4      | Found a sand-covered staircase.
  3737 | Ossuary  | Entered an ossuary
  3826 | Ossuary  | Reached XP level 7. HP: 8/48 MP: 10/12
  4407 | D:4      | Noticed Blork the orc
  4432 | D:4      | Killed Blork the orc
  4521 | D:4      | Reached XP level 8. HP: 57/57 MP: 8/14
  5104 | D:4      | Reached skill level 5 in Stealth
  5359 | D:4      | Learned a level 4 spell: Summon Lightning Spire
  5418 | D:5      | Entered Level 5 of the Dungeon
  5513 | D:5      | Found an ancient bone altar of Kikubaaqudgha.
  5521 | D:5      | Became a worshipper of Kikubaaqudgha
  5621 | D:5      | Reached skill level 1 in Air Magic
  5753 | D:5      | Noticed Prince Ribbit
  5755 | D:5      | Noticed Menkaure
  5765 | D:5      | Killed Prince Ribbit
  5765 | D:5      | Killed Menkaure
  5766 | D:5      | Reached skill level 5 in Dodging
  5766 | D:5      | Reached XP level 9. HP: 62/65 MP: 11/16
  5879 | D:5      | Found a glowing drain.
  5897 | Sewer    | Entered a sewer
  6173 | Sewer    | Found a white marble altar of Elyvilon.
  6382 | D:6      | Reached skill level 5 in Spellcasting
  6432 | D:6      | Noticed a manticore
  6434 | D:6      | Reached * piety under Kikubaaqudgha
  6434 | D:6      | Received a gift from Kikubaaqudgha
  6440 | D:6      | Killed a manticore
  6544 | D:6      | Reached skill level 1 in Armour
  6589 | D:6      | Noticed a komodo dragon
  6599 | D:6      | Killed a komodo dragon
  6807 | D:6      | Found a staircase to the Ecumenical Temple.
  6863 | D:6      | Reached XP level 10. HP: 73/73 MP: 18/18
  6872 | D:6      | Learned a level 2 spell: Blink
  7398 | D:7      | Learned a level 4 spell: Animate Dead
  7933 | D:8      | Reached skill level 5 in Fighting
  8002 | D:8      | Noticed an elephant
  8010 | D:8      | Killed an elephant
  8011 | D:8      | Reached skill level 1 in Necromancy
  8021 | D:8      | Reached ** piety under Kikubaaqudgha
  8133 | D:8      | Reached skill level 5 in Fire Magic
  8316 | D:8      | Found the +4 consecrated labrys {holy, Valiant ^Fragile Fly
                  | SInv}
  8862 | D:8      | Reached skill level 2 in Necromancy
  8884 | D:8      | Found a staircase to the Lair.
 10220 | D:10     | Entered Level 10 of the Dungeon
 10282 | D:10     | Reached skill level 3 in Necromancy
 10296 | D:10     | Reached *** piety under Kikubaaqudgha
 10296 | D:10     | Received a gift from Kikubaaqudgha
 10455 | D:10     | Reached XP level 11. HP: 80/80 MP: 20/20
 10750 | D:10     | Noticed a deep elf pyromancer
 10781 | D:10     | Killed a deep elf pyromancer
 11516 | D:11     | Reached skill level 4 in Necromancy
 12466 | Lair:1   | Entered Level 1 of the Lair of Beasts
 12504 | Lair:1   | Reached skill level 1 in Translocations
 12505 | Lair:1   | Noticed a four-headed hydra
 12515 | Lair:1   | Reached skill level 5 in Air Magic
 12516 | Lair:1   | Killed a four-headed hydra
 12630 | Lair:1   | Reached skill level 5 in Necromancy
 13450 | Lair:2   | Noticed a boulder beetle
 13462 | Lair:2   | Killed a boulder beetle
 13463 | Lair:2   | Reached XP level 12. HP: 89/89 MP: 22/22
 13684 | Lair:2   | Reached skill level 6 in Necromancy
 13795 | Lair:2   | Identified the +8 long sword of Setale {freeze, *Noise
                  | rElec rC++ Dex+2}
 13803 | Lair:2   | Reached **** piety under Kikubaaqudgha
 14259 | Lair:2   | Noticed a catoblepas
 14291 | Lair:2   | Killed a catoblepas
 14292 | Lair:2   | Reached skill level 1 in Shields
 15301 | Lair:3   | Identified 3 scrolls of acquirement
 15301 | Lair:3   | Acquired 849 gold pieces
 15303 | Lair:3   | Acquired the scarf of Haufaehi {repulsion, rPois Int+2}
 15314 | Lair:3   | Acquired the amulet "Kojunef" {Faith ^Contam rElec Int+8}
 15331 | Lair:3   | Learned a level 4 spell: Anguish
 15727 | Lair:3   | Found a staircase to the Snake Pit.
 15737 | Lair:3   | Found a staircase to the Shoals.
 16129 | Lair:4   | Reached skill level 7 in Necromancy
 16129 | Lair:4   | Reached XP level 13. HP: 59/96 MP: 6/24
 16196 | Lair:4   | Reached skill level 5 in Armour
 16308 | Lair:4   | Noticed Kirke
 16493 | Lair:4   | Upgraded the game from 0.32-a0-576-g706899e69d to
                  | 0.32-a0-593-g85ff8e36a1
 17144 | Lair:4   | Killed Kirke
 17242 | Lair:4   | Found a staircase to the Slime Pits.
 17559 | Lair:5   | Entered Level 5 of the Lair of Beasts
 18413 | D:12     | Found a roughly hewn altar of Beogh.
 18415 | D:12     | Found a staircase to the Orcish Mines.
 19078 | D:12     | Reached XP level 14. HP: 86/105 MP: 3/26
 19320 | D:12     | Reached skill level 1 in Hexes
 19489 | D:12     | Reached skill level 8 in Necromancy
 19718 | D:12     | Reached ***** piety under Kikubaaqudgha
 19726 | D:12     | Noticed Lodul
 19850 | D:12     | Killed Lodul
 21359 | D:13     | Reached skill level 10 in Stealth
 21800 | D:13     | Reached skill level 5 in Shields
 22249 | D:13     | Identified the staff "Vykiyreb" {rF+ Int+6 Fire}
 22395 | D:13     | Learned a level 6 spell: Death Channel
 22439 | D:14     | Reached skill level 1 in Ranged Weapons
 22766 | D:14     | Found a gate to the Vaults.
 22770 | D:14     | Reached skill level 10 in Summonings
 22813 | D:14     | Reached XP level 15. HP: 55/113 MP: 0/27
 23042 | D:14     | Reached skill level 5 in Hexes
 23956 | Orc:1    | Entered Level 1 of the Orcish Mines
 23956 | Orc:1    | Found a roughly hewn altar of Beogh.
 24346 | Orc:1    | Reached ****** piety under Kikubaaqudgha
 24565 | Orc:1    | Received a gift from Kikubaaqudgha (forbidden knowledge)
 24628 | Orc:2    | Entered Level 2 of the Orcish Mines
 24828 | Orc:2    | Reached skill level 10 in Dodging
 24912 | Orc:1    | Found Cudeke's Book Shoppe.
 24920 | Orc:1    | Reached skill level 9 in Necromancy
 25508 | Orc:2    | Found a staircase to the Elven Halls.
 25574 | Orc:2    | Reached skill level 5 in Ranged Weapons
 25899 | Orc:2    | Found Ybbo's General Store.
 25899 | Orc:2    | Found Voupp's Magic Scroll Emporium.
 25901 | Orc:2    | Found Uhadoq Ilim's Antique Armour Boutique.
 25901 | Orc:2    | Found Ugiesch Kyjay's Antique Armour Emporium.
 25907 | Orc:2    | Bought a scroll of teleportation for 51 gold pieces
 25907 | Orc:2    | Bought a scroll of identify for 34 gold pieces
 25909 | Orc:2    | Bought a glowing buckler for 165 gold pieces
 25921 | Orc:2    | Bought a bloodstained ring mail for 135 gold pieces
 25921 | Orc:2    | Identified the +3 ring mail of the Accordion {rN+ Str+5
                  | Slay+2} (You bought it in a shop on level 2 of the Orcish
                  | Mines)
 25933 | Orc:2    | Bought a scroll of summoning for 114 gold pieces
 25933 | Orc:2    | Bought 2 scrolls of enchant weapon for 180 gold pieces
 25933 | Orc:2    | Bought a scroll of summoning for 114 gold pieces
 25933 | Orc:2    | Bought a scroll of identify for 24 gold pieces
 25933 | Orc:2    | Bought a scroll of identify for 24 gold pieces
 26319 | Slime:1  | Entered Level 1 of the Pits of Slime
 26371 | Slime:1  | Noticed an acid blob
 26379 | Slime:1  | Killed an acid blob
 26412 | Slime:1  | Noticed an acid blob
 26416 | Slime:1  | Killed an acid blob
 26444 | Slime:1  | Noticed a rockslime
 26450 | Slime:1  | Killed a rockslime
 26460 | Slime:1  | Noticed an acid blob
 26469 | Slime:1  | Killed an acid blob
 26551 | Slime:1  | Reached skill level 10 in Fighting
 26824 | Slime:2  | Noticed a rockslime
 26833 | Slime:2  | Killed a rockslime
 26921 | Slime:3  | Noticed an acid blob
 26930 | Slime:3  | Killed an acid blob
 27043 | Slime:2  | Noticed an azure jelly
 27046 | Slime:2  | Noticed an acid blob
 27049 | Slime:2  | Noticed a rockslime
 27051 | Slime:2  | Killed an azure jelly
 27052 | Slime:2  | Killed an acid blob
 27059 | Slime:2  | Killed a rockslime
 27059 | Slime:2  | Noticed an acid blob
 27060 | Slime:2  | Reached XP level 16. HP: 99/122 MP: 25/29
 27060 | Slime:2  | Noticed an azure jelly
 27065 | Slime:2  | Killed an acid blob
 27066 | Slime:2  | Reached skill level 10 in Necromancy
 27066 | Slime:2  | Killed an azure jelly
 27078 | Slime:2  | Noticed an acid blob
 27081 | Slime:2  | Noticed an acid blob
 27084 | Slime:2  | Killed an acid blob
 27093 | Slime:2  | Killed an acid blob
 27109 | Slime:2  | Noticed an acid blob
 27133 | Slime:2  | Killed an acid blob
 27134 | Slime:2  | Reached skill level 10 in Spellcasting
 27252 | Slime:3  | Noticed an azure jelly
 27261 | Slime:3  | Killed an azure jelly
 27262 | Slime:3  | Noticed an azure jelly
 27267 | Slime:3  | Killed an azure jelly
 27268 | Slime:3  | Noticed an acid blob
 27272 | Slime:3  | Killed an acid blob
 27282 | Slime:3  | Noticed an acid blob
 27287 | Slime:3  | Killed an acid blob
 27290 | Slime:3  | Noticed an acid blob
 27290 | Slime:3  | Noticed an acid blob
 27293 | Slime:3  | Killed an acid blob
 27295 | Slime:3  | Killed an acid blob
 27302 | Slime:3  | Found a viscous altar of Jiyva.
 27318 | Slime:3  | Noticed a rockslime
 27328 | Slime:3  | Killed a rockslime
 27494 | Slime:4  | Noticed an azure jelly
 27497 | Slime:4  | Noticed an azure jelly
 27500 | Slime:4  | Noticed an acid blob
 27501 | Slime:4  | Killed an azure jelly
 27504 | Slime:4  | Killed an azure jelly
 27508 | Slime:4  | Killed an acid blob
 27510 | Slime:4  | Noticed a rockslime
 27526 | Slime:4  | Killed a rockslime
 27528 | Slime:4  | Noticed a rockslime
 27529 | Slime:4  | Noticed a rockslime
 27546 | Slime:4  | Killed a rockslime
 27879 | Slime:5  | Entered Level 5 of the Pits of Slime
 27884 | Slime:5  | Noticed a rockslime
 27887 | Slime:5  | Noticed a rockslime
 27906 | Slime:5  | Noticed an azure jelly
 27910 | Slime:5  | Killed an azure jelly
 27912 | Slime:5  | Noticed an azure jelly
 27917 | Slime:5  | Noticed the Royal Jelly
 27917 | Slime:5  | Killed an azure jelly
 27920 | Slime:5  | Noticed an acid blob
 27921 | Slime:5  | Noticed an acid blob
 27923 | Slime:5  | Noticed an acid blob
 27924 | Slime:5  | Noticed a rockslime
 27925 | Slime:5  | Noticed an azure jelly
 27925 | Slime:5  | Noticed an azure jelly
 27925 | Slime:5  | Noticed an azure jelly
 27926 | Slime:5  | Noticed an acid blob
 27926 | Slime:5  | Killed an azure jelly
 27928 | Slime:5  | Noticed an azure jelly
 27928 | Slime:5  | Noticed an acid blob
 27928 | Slime:5  | Killed an azure jelly
 27928 | Slime:5  | Killed an acid blob
 27929 | Slime:5  | Noticed an azure jelly
 27930 | Slime:5  | Noticed an acid blob
 27930 | Slime:5  | Noticed a rockslime
 27934 | Slime:5  | Killed an acid blob
 27935 | Slime:5  | Gained mutation: You occasionally lose the ability to drink
                  | potions when taking damage. [a shining eye]
 27936 | Slime:5  | Noticed a rockslime
 27936 | Slime:5  | Killed an acid blob
 27936 | Slime:5  | Gained mutation: You are dopey. (Int -2) [a shining eye]
 27940 | Slime:5  | Killed an acid blob
 27940 | Slime:5  | Killed an azure jelly
 27941 | Slime:5  | Noticed a rockslime
 27944 | Slime:5  | Noticed a rockslime
 27945 | Slime:5  | Killed an azure jelly
 27946 | Slime:5  | Killed a rockslime
 27946 | Slime:5  | Killed an azure jelly
 27951 | Slime:5  | Killed a rockslime
 27954 | Slime:5  | Noticed an azure jelly
 27959 | Slime:5  | Noticed an acid blob
 28543 | Lair:5   | Learned a level 7 spell: Haunt
 28632 | Lair:5   | Reached skill level 10 in Armour
 28633 | Lair:5   | Reached skill level 10 in Ranged Weapons
 28633 | Lair:5   | Reached skill level 11 in Necromancy
 28637 | Lair:5   | Reached XP level 17. HP: 128/128 MP: 5/31
 28639 | Lair:5   | Noticed Urug
 28649 | Lair:5   | Killed Urug
 28696 | Lair:5   | Your ally Urug died
 28899 | Lair:5   | Found the sphere of Battle
 29813 | D:15     | Entered Level 15 of the Dungeon
 29998 | D:15     | Noticed Rupert
 29999 | D:15     | Paralysed by Rupert for 3 turns
 30017 | D:15     | Killed Rupert
 30488 | D:15     | Found an opulent altar of Gozag.
 30963 | D:14     | Lost mutation: You are dopey. (Int -2) [potion of mutation]
 30963 | D:14     | Lost mutation: You occasionally lose the ability to drink
                  | potions when taking damage. [potion of mutation]
 30963 | D:14     | Gained mutation: Armour fits poorly on your strangely
                  | shaped body. [potion of mutation]
 30963 | D:14     | Gained mutation: You do not regenerate when monsters are
                  | visible. [potion of mutation]
 30963 | D:14     | Gained mutation: Your flesh is cold resistant. (rC+)
                  | [potion of mutation]
 30964 | D:14     | Lost mutation: Armour fits poorly on your strangely shaped
                  | body. [potion of mutation]
 30964 | D:14     | Lost mutation: Your flesh is cold resistant. (rC+) [potion
                  | of mutation]
 30964 | D:14     | Lost mutation: You do not regenerate when monsters are
                  | visible. [potion of mutation]
 30964 | D:14     | Gained mutation: You occasionally lose the ability to drink
                  | potions when taking damage. [potion of mutation]
 30964 | D:14     | Gained mutation: You are somewhat resistant to further
                  | mutation. [potion of mutation]
 30965 | D:14     | Lost mutation: You occasionally lose the ability to drink
                  | potions when taking damage. [potion of mutation]
 30965 | D:14     | Lost mutation: You are somewhat resistant to further
                  | mutation. [potion of mutation]
 30965 | D:14     | Gained mutation: You are agile. (Dex +4, Str/Int -1)
                  | [potion of mutation]
 30965 | D:14     | Gained mutation: Your movements are slightly less
                  | encumbered by armour. (ER -2) [potion of mutation]
 31790 | D:15     | Found a staircase to the Depths.
 32083 | Slime:4  | Upgraded the game from 0.32-a0-593-g85ff8e36a1 to
                  | 0.32-a0-597-g8e3e136d6a
 32092 | Slime:5  | Noticed an acid blob
 32094 | Slime:5  | Noticed an acid blob
 32098 | Slime:5  | Killed an acid blob
 32099 | Slime:5  | Reached skill level 12 in Necromancy
 32100 | Slime:5  | Killed an acid blob
 32111 | Slime:5  | Noticed an acid blob
 32116 | Slime:5  | Killed an acid blob
 32154 | Slime:5  | Noticed an acid blob
 32156 | Slime:5  | Killed an acid blob
 32166 | Slime:5  | Noticed an acid blob
 32174 | Slime:5  | Killed an acid blob
 32233 | Slime:5  | Found the +5 moon troll leather armour {Spirit, Regen++
                  | MP+5}
 32234 | Slime:5  | Found a viscous altar of Jiyva.
 32268 | Slime:5  | Noticed an acid blob
 32276 | Slime:5  | Noticed an acid blob
 32276 | Slime:5  | Noticed an acid blob
 32276 | Slime:5  | Noticed an acid blob
 32277 | Slime:5  | Noticed an acid blob
 32278 | Slime:5  | Noticed an acid blob
 32280 | Slime:5  | Killed an acid blob
 32288 | Slime:5  | Killed an acid blob
 32769 | Slime:5  | Killed an acid blob
 32786 | Slime:5  | Killed an acid blob
 32851 | Slime:5  | Noticed an acid blob
 32852 | Slime:5  | Noticed an acid blob
 32857 | Slime:5  | Killed an acid blob
 32862 | Slime:5  | Killed an acid blob
 32925 | Slime:3  | Fell from the grace of Kikubaaqudgha
 32925 | Slime:3  | Became a worshipper of Jiyva Jaaleoqa the Shapeless
 33039 | Snake:1  | Entered Level 1 of the Snake Pit
 33135 | Snake:1  | Reached XP level 18. HP: 130/134 MP: 9/34
 33312 | Snake:1  | Reached * piety under Jiyva
 33735 | Snake:1  | Reached ** piety under Jiyva
 33740 | Snake:1  | Identified the +7 dagger "Dragonslayer" {flame, *Rage rN+
                  | rCorr Int+3}
 34579 | Snake:2  | Was placed under penance by Jiyva
 34790 | Snake:3  | Was forgiven by Jiyva
 34804 | Snake:2  | Reached skill level 13 in Necromancy
 35019 | Snake:3  | Noticed Vashnia
 35140 | Snake:3  | Killed Vashnia
 35673 | Snake:3  | Reached *** piety under Jiyva
 35702 | Snake:3  | Gained mutation: You expend magic power (3 MP) to
                  | strengthen your wands. [Jiyva's grace]
 35702 | Snake:3  | Gained mutation: Your translucent skin slightly reduces
                  | your foes' accuracy. (Stealth+) [Jiyva's grace]
 35702 | Snake:3  | Gained mutation: Your translucent skin reduces your foes'
                  | accuracy. (Stealth+) [Jiyva's grace]
 35702 | Snake:3  | Gained mutation: Your transparent skin significantly
                  | reduces your foes' accuracy. (Stealth+) [Jiyva's grace]
 36699 | Snake:3  | Reached **** piety under Jiyva
 36743 | Snake:3  | Reached XP level 19. HP: 132/133 MP: 30/36
 36763 | Snake:3  | Found a runed translucent door.
 36763 | Snake:3  | Noticed Biggs's ghost (journeyman DjCj)
 36799 | Snake:3  | Killed Biggs's ghost
 36804 | Snake:3  | Got the Atlas of the Hot Ocelot
 36912 | Snake:4  | Entered Level 4 of the Snake Pit
 37190 | Snake:4  | HP: 6/140 [salamander tyrant (40)]
 37282 | Snake:4  | Upgraded the game from 0.32-a0-597-g8e3e136d6a to
                  | 0.32-a0-599-gba8f9cf90e
 37299 | Snake:4  | Was forgiven by Kikubaaqudgha
 37330 | Snake:4  | Reached skill level 14 in Necromancy
 37440 | Snake:4  | Reached ***** piety under Jiyva
 37445 | Snake:4  | Got a serpentine rune of Zot
 37708 | Snake:4  | Lost mutation: Your transparent skin significantly reduces
                  | your foes' accuracy. (Stealth+) [Jiyva's grace]
 37708 | Snake:4  | Gained mutation: You have sharp fingernails. [Jiyva's
                  | grace]
 37708 | Snake:4  | Gained mutation: You have very sharp fingernails. [Jiyva's
                  | grace]
 37708 | Snake:4  | Gained mutation: You have claws for hands. [Jiyva's grace]
 37708 | Snake:4  | Gained mutation: You have a pair of small horns on your
                  | head. [Jiyva's grace]
 37905 | Snake:4  | Found a shimmering blue altar of Sif Muna.
 38374 | Shoals:1 | Entered Level 1 of the Shoals
 38544 | Shoals:1 | Identified the +0 leather armour "Vouplo" {rC++ Str-5
                  | Int+3}
 38758 | Shoals:1 | Found a blossoming altar of Fedhas.
 39049 | Shoals:2 | Reached ****** piety under Jiyva
 39115 | Shoals:2 | Lost mutation: You have a pair of small horns on your head.
                  | [Jiyva's grace]
 39115 | Shoals:2 | Lost mutation: You expend magic power (3 MP) to strengthen
                  | your wands. [Jiyva's grace]
 39115 | Shoals:2 | Gained mutation: You are covered in slimy tendrils that may
                  | disarm your opponents. [Jiyva's grace]
 39115 | Shoals:2 | Gained mutation: You are robust. (+10% HP) [Jiyva's grace]
 39115 | Shoals:2 | Gained mutation: You are very robust. (+20% HP) [Jiyva's
                  | grace]
 39115 | Shoals:2 | Gained mutation: You are extremely robust. (+30% HP)
                  | [Jiyva's grace]
 39460 | Slime:5  | Got the Incunable of the Translocational Salvo
 39477 | Slime:5  | Got a slimy rune of Zot
 39494 | Slime:5  | Identified the +2 pair of boots of Cevypez {Str+3 Int+3}
 39524 | Slime:5  | Identified the ring "Dyheqoz" {rPois Int+3 Dex+5}
 39534 | Slime:5  | Identified the amulet of Fohoq {Spirit -Tele rElec Will+
                  | Str+4}
 39557 | Slime:5  | Identified the ring of Juwaqeda {rPois rCorr Int+4 SInv}
 39574 | Slime:5  | Identified the +6 morningstar of Salt {heavy, rPois Int+4
                  | Dex+3}
 39583 | Slime:5  | Identified the +1 scale mail "Sonuocis" {rElec rCorr Str+3}
 40766 | Shoals:3 | Noticed Ilsuiw
 40799 | Shoals:3 | Killed Ilsuiw
 40970 | Shoals:3 | Reached XP level 20. HP: 191/191 MP: 30/37
 41102 | Shoals:4 | Entered Level 4 of the Shoals
 41124 | Shoals:4 | Reached skill level 15 in Ranged Weapons
 41145 | Shoals:4 | Found a glowing silver altar of Zin.
 41425 | Shoals:4 | Found a glowing golden altar of the Shining One.
 41452 | Shoals:4 | Reached skill level 15 in Necromancy
 41483 | Shoals:4 | Got the Opusculum on the Discharge
 41659 | Shoals:4 | Found a white marble altar of Elyvilon.
 41727 | Shoals:4 | Got a barnacled rune of Zot
 42081 | Elf:1    | Entered Level 1 of the Elven Halls
 42109 | Elf:1    | Reached skill level 10 in Shields
 42360 | Elf:1    | Lost mutation: You have claws for hands. [Jiyva's grace]
 42360 | Elf:1    | Gained mutation: You have a small jelly attached to you
                  | that may absorb projectiles. [Jiyva's grace]
 42360 | Elf:1    | Gained mutation: Your flesh is cold resistant. (rC+)
                  | [Jiyva's grace]
 42360 | Elf:1    | Gained mutation: Your flesh is very cold resistant. (rC++)
                  | [Jiyva's grace]
 42360 | Elf:1    | Gained mutation: Your flesh is almost immune to the effects
                  | of cold. (rC+++) [Jiyva's grace]
 42632 | Elf:1    | Paralysed by an air elemental for 1 turns
 42862 | Elf:1    | Found a runed translucent gate.
 42863 | Elf:1    | Found a runed translucent gate.
 42864 | Elf:1    | Found a runed translucent gate.
 42866 | Elf:1    | Noticed Famehell's ghost (journeyman OpSh)
 42866 | Elf:1    | Noticed Viaheush's ghost (journeyman GnWn)
 42867 | Elf:1    | Noticed Lurir's ghost (journeyman KoHu)
 43144 | Elf:1    | Identified the +1 long sword of the Endless Expanse
                  | {freeze, rPois Str+2 Dex+4 Stlth+}
 43590 | Elf:2    | Noticed a Tzitzimitl
 43721 | Elf:2    | Learned a level 8 spell: Infestation
 43966 | Elf:2    | Reached XP level 21. HP: 198/198 MP: 30/39
 44259 | Elf:2    | Reached skill level 15 in Spellcasting
 44263 | Elf:2    | Found a runed translucent gate.
 44263 | Elf:2    | Found a runed translucent gate.
 44263 | Elf:2    | Found a runed translucent gate.
 44378 | Elf:2    | Reached skill level 16 in Necromancy
 44504 | Elf:2    | Lost mutation: You have very sharp fingernails. [Jiyva's
                  | grace]
 44504 | Elf:2    | Lost mutation: You are agile. (Dex +4, Str/Int -1) [Jiyva's
                  | grace]
 44504 | Elf:2    | Lost mutation: Your flesh is almost immune to the effects
                  | of cold. (rC+++) [Jiyva's grace]
 44504 | Elf:2    | Lost mutation: You are extremely robust. (+30% HP) [Jiyva's
                  | grace]
 44504 | Elf:2    | Lost mutation: You are very robust. (+20% HP) [Jiyva's
                  | grace]
 44504 | Elf:2    | Lost mutation: Your translucent skin reduces your foes'
                  | accuracy. (Stealth+) [Jiyva's grace]
 44504 | Elf:2    | Gained mutation: You are agile. (Dex +4, Str/Int -1)
                  | [Jiyva's grace]
 44504 | Elf:2    | Gained mutation: You are very agile. (Dex +8, Str/Int -2)
                  | [Jiyva's grace]
 44504 | Elf:2    | Gained mutation: You expend magic power (3 MP) to
                  | strengthen your wands. [Jiyva's grace]
 44504 | Elf:2    | Gained mutation: You have supernaturally acute eyesight.
                  | (SInv) [Jiyva's grace]
 44786 | Elf:3    | Entered Level 3 of the Elven Halls
 45087 | Elf:3    | Reached skill level 17 in Necromancy
 45404 | Elf:3    | Found Sadiliss's Antique Weapon Shop.
 47307 | Elf:3    | Reached skill level 18 in Necromancy
 47877 | Elf:3    | Gained mutation: Your spells are a little easier to cast,
                  | but a little less powerful. [a cacodemon]
 47881 | Abyss:3  | Cast into level 3 of the Abyss (a deep elf demonologist)
 47885 | Elf:3    | Escaped the Abyss
 47902 | Elf:3    | Identified the ring "Unwuywn" {rC+ rCorr Str+3}
 47960 | Elf:3    | Found the +7 hand cannon "Mule" {flame, backblast, rF+}
 47994 | Elf:3    | Identified the +10 long sword "Jak Nowe" {freeze, rN+}
 48005 | Elf:3    | Identified the ring "Ycuddeme" {rF+ Int+4 Dex+2}
 48039 | Elf:3    | Got the Compilation of the Singularity and Destiny
 48040 | Elf:3    | Identified the staff "Laennauh" {rC+ Earth}
 48043 | Elf:3    | Got Mubin's Secrets of Frostbite and the Atmosphere
 48049 | Elf:3    | Got the Directory of Destiny
 48053 | Elf:3    | Got the Cyclopedia of the Gritty Wayfarer
 48075 | Elf:3    | Identified the +1 chain mail of Teggip {rElec rN++ SInv
                  | Stlth-}
 48076 | Elf:3    | Identified the ring "Juzosuot" {Fly rC+ EV+5 Str-2}
 48111 | Elf:3    | Identified the staff "Newt's Nightmare" {rPois rF+ rN+
                  | Str+6 Alchemy}
 48446 | Vaults:1 | Entered Level 1 of the Vaults
 48463 | Vaults:1 | Reached skill level 19 in Necromancy
 48538 | Vaults:1 | Lost mutation: You have supernaturally acute eyesight.
                  | (SInv) [Jiyva's grace]
 48538 | Vaults:1 | Lost mutation: You are robust. (+10% HP) [Jiyva's grace]
 48538 | Vaults:1 | Lost mutation: You are covered in slimy tendrils that may
                  | disarm your opponents. [Jiyva's grace]
 48538 | Vaults:1 | Lost mutation: Your spells are a little easier to cast, but
                  | a little less powerful. [Jiyva's grace]
 48538 | Vaults:1 | Gained mutation: You have acidic saliva. [Jiyva's grace]
 48538 | Vaults:1 | Gained mutation: You have large cloven feet. [Jiyva's
                  | grace]
 48538 | Vaults:1 | Gained mutation: You have hoof-like feet. [Jiyva's grace]
 48538 | Vaults:1 | Gained mutation: You have hooves in place of feet. [Jiyva's
                  | grace]
 48641 | Vaults:1 | Found a runed translucent gate.
 48641 | Vaults:1 | Found a runed translucent gate.
 48641 | Vaults:1 | Found a runed translucent gate.
 48642 | Vaults:1 | Noticed Harhicoo's ghost (adept MiBe)
 48642 | Vaults:1 | Noticed Xedevy's ghost (adept KoEn)
 48713 | Vaults:1 | Reached XP level 22. HP: 148/156 MP: 7/41
 48785 | Vaults:1 | Found a roughly hewn altar of Beogh.
 49741 | Vaults:2 | Reached skill level 20 in Necromancy
 49799 | Vaults:2 | Lost mutation: Your flesh is very cold resistant. (rC++)
                  | [Jiyva's grace]
 49799 | Vaults:2 | Lost mutation: You expend magic power (3 MP) to strengthen
                  | your wands. [Jiyva's grace]
 49799 | Vaults:2 | Gained mutation: You have a small jelly attached to you
                  | that senses nearby items. [Jiyva's grace]
 49799 | Vaults:2 | Gained mutation: Your rubbery body absorbs attacks. (AC +1,
                  | EV +1) [Jiyva's grace]
 49799 | Vaults:2 | Gained mutation: Your pliable body absorbs attacks. (AC +2,
                  | EV +2) [Jiyva's grace]
 49799 | Vaults:2 | Gained mutation: Your gelatinous body deflects attacks. (AC
                  | +3, EV +3) [Jiyva's grace]
 50250 | Vaults:2 | Identified the ring "Nuonner" {Will+ rCorr MP+9 Str+3
                  | Int+2}
 50251 | Vaults:2 | Identified the serpent talisman "Dufone" {rC+ Str+5}
 50251 | Vaults:2 | Noticed Aizul
 50263 | Vaults:2 | Killed Aizul
 50586 | Vaults:2 | Lost mutation: You are very agile. (Dex +8, Str/Int -2)
                  | [Jiyva's grace]
 50586 | Vaults:2 | Lost mutation: You are agile. (Dex +4, Str/Int -1) [Jiyva's
                  | grace]
 50586 | Vaults:2 | Lost mutation: Your gelatinous body deflects attacks. (AC
                  | +3, EV +3) [Jiyva's grace]
 50586 | Vaults:2 | Lost mutation: You have a small jelly attached to you that
                  | may absorb projectiles. [Jiyva's grace]
 50586 | Vaults:2 | Gained mutation: Your spells are a little harder to cast,
                  | but a little more powerful. [Jiyva's grace]
 50586 | Vaults:2 | Gained mutation: Your spells are harder to cast, but more
                  | powerful. [Jiyva's grace]
 50586 | Vaults:2 | Gained mutation: Your spells are much harder to cast, but
                  | much more powerful. [Jiyva's grace]
 50586 | Vaults:2 | Gained mutation: You possess an exceptional clarity of
                  | mind. [Jiyva's grace]
 50974 | Vaults:3 | Reached skill level 21 in Necromancy
 50996 | Vaults:3 | Noticed Sojobo
 51015 | Vaults:3 | Paralysed by an air elemental for 1 turns
 51254 | Vaults:3 | Paralysed by an air elemental for 1 turns
 51259 | Vaults:3 | Paralysed by an air elemental for 1 turns
 51277 | Vaults:3 | Paralysed by an air elemental for 1 turns
 51280 | Vaults:3 | Paralysed by an air elemental for 1 turns
 51283 | Vaults:3 | Killed Sojobo
 51651 | Vaults:3 | Found a staircase to the Crypt.
 51651 | Vaults:3 | Found an ancient bone altar of Kikubaaqudgha.
 51652 | Vaults:3 | Found a basalt altar of Yredelemnul.
 51911 | Vaults:4 | Lost mutation: Your flesh is cold resistant. (rC+) [Jiyva's
                  | grace]
 51911 | Vaults:4 | Lost mutation: Your pliable body absorbs attacks. (AC +2,
                  | EV +2) [Jiyva's grace]
 51911 | Vaults:4 | Gained mutation: Your body has grown eyes which may confuse
                  | attackers. (Acc +3) [Jiyva's grace]
 51911 | Vaults:4 | Gained mutation: Your body has grown many eyes which may
                  | confuse attackers. (Acc +5) [Jiyva's grace]
 51911 | Vaults:4 | Gained mutation: Your body is covered in eyes which may
                  | confuse attackers. (Acc +7, SInv) [Jiyva's grace]
 51911 | Vaults:4 | Gained mutation: Your melee attacks may engulf your foes in
                  | ooze. [Jiyva's grace]
 51961 | Vaults:4 | Noticed Margery
 51967 | Vaults:4 | Killed Margery
 52072 | Vaults:4 | Reached XP level 23. HP: 165/165 MP: 42/42
 52294 | Vaults:4 | Reached skill level 22 in Necromancy
 52528 | Vaults:4 | Noticed a golden dragon
 52539 | Vaults:4 | Killed a golden dragon
 53136 | Vaults:4 | Learned a level 9 spell: Death's Door
 53332 | Depths:1 | Entered Level 1 of the Depths
 53346 | Depths:1 | Upgraded the game from 0.32-a0-599-gba8f9cf90e to
                  | 0.32-a0-607-g64ea0e4219
 53389 | Depths:1 | Found a portal to a secret trove of treasure.
 53587 | Depths:1 | Found a gateway to Hell.
 53762 | Depths:1 | Lost mutation: You have sharp fingernails. [Jiyva's grace]
 53762 | Depths:1 | Lost mutation: You have hooves in place of feet. [Jiyva's
                  | grace]
 53762 | Depths:1 | Lost mutation: Your spells are much harder to cast, but
                  | much more powerful. [Jiyva's grace]
 53762 | Depths:1 | Lost mutation: You have acidic saliva. [Jiyva's grace]
 53762 | Depths:1 | Lost mutation: Your body is covered in eyes which may
                  | confuse attackers. (Acc +7, SInv) [Jiyva's grace]
 53762 | Depths:1 | Lost mutation: Your translucent skin slightly reduces your
                  | foes' accuracy. (Stealth+) [Jiyva's grace]
 53762 | Depths:1 | Lost mutation: Your melee attacks may engulf your foes in
                  | ooze. [Jiyva's grace]
 53762 | Depths:1 | Gained mutation: You have hidden genetic potential.
                  | [Jiyva's grace]
 53762 | Depths:1 | Gained mutation: You have great hidden genetic potential.
                  | [Jiyva's grace]
 53762 | Depths:1 | Gained mutation: Your muscles are strong. (Str +4, Int/Dex
                  | -1) [Jiyva's grace]
 53762 | Depths:1 | Gained mutation: Your muscles are very strong. (Str +8,
                  | Int/Dex -2) [Jiyva's grace]
 53764 | Depths:1 | Found a one-way gateway to a ziggurat.
 53785 | Depths:1 | Found a runed translucent gate.
 53785 | Depths:1 | Found a runed translucent gate.
 53785 | Depths:1 | Found a runed translucent gate.
 53791 | Depths:1 | Noticed BubbleThief's ghost (adept MDCA)
 53872 | Depths:1 | Found a one-way gate to the infinite horrors of the Abyss.
 53998 | Depths:2 | Noticed Norris
 54004 | Depths:2 | Found an ancient bone altar of Kikubaaqudgha.
 54018 | Depths:2 | Killed Norris
 54202 | Depths:2 | Found a basalt altar of Yredelemnul.
 54350 | Depths:2 | Your ally Norris died
 54386 | Depths:2 | Noticed a golden dragon
 54390 | Depths:2 | Killed a golden dragon
 54393 | Depths:2 | Reached skill level 23 in Necromancy
 54522 | Depths:2 | Got Urraadde's Omnibus of Battle Magic and the Throng
 55037 | Depths:2 | Found a one-way gate leading to the halls of Pandemonium.
 55262 | Depths:3 | Reached skill level 1 in Axes
 55493 | Depths:3 | Reached XP level 24. HP: 176/176 MP: 43/43
 55731 | Depths:3 | Lost mutation: You possess an exceptional clarity of mind.
                  | [Jiyva's grace]
 55731 | Depths:3 | Lost mutation: Your movements are slightly less encumbered
                  | by armour. (ER -2) [Jiyva's grace]
 55731 | Depths:3 | Gained mutation: Your flesh is heat resistant. (rF+)
                  | [Jiyva's grace]
 55731 | Depths:3 | Gained mutation: Your flesh is very heat resistant. (rF++)
                  | [Jiyva's grace]
 55731 | Depths:3 | Gained mutation: Your flesh is almost immune to the effects
                  | of heat. (rF+++) [Jiyva's grace]
 55731 | Depths:3 | Gained mutation: Your spells are much harder to cast, but
                  | much more powerful. [Jiyva's grace]
 55845 | Depths:3 | Identified the ring of Awe {Ice Str-2 Int+3 Dex+4}
 55845 | Depths:3 | Noticed Josephina
 55887 | Depths:3 | Noticed Grunn
 55914 | Depths:3 | Killed Grunn
 55915 | Depths:3 | Slain by a Tzitzimitl

Illustrated notes

Levels and vault maps discovered:
D:1:      roderic_dead_forest, layout_basic, shapermc_ecumenical_altar_petra
D:2:      layout_loops_ring, kennysheep_jessica_study, uniq_robin
D:3:      kb_forest_paths, layout_loops_cross, marbit_many_paths,
          fiery_altar_vehumet, hellmonk_ghost_happy_afterlife, chequers_garden
D:4:      layout_gridville, serial_glass, glass_columns_a, glass_columns_a,
          nicolae_ossuary_entry_false_entrances, minmay_divided_ellipse,
          uniq_blork_the_orc
D:5:      layout_cave_pools, tgw_kikubaaqudgha, portal_sewer_entry_e,
          uniq_menkaure, uniq_prince_ribbit1
D:6:      layout_rooms, minmay_temple_entry_from_below_a, kb_rosetta
D:7:      layout_loops_cross, minivault_25
D:8:      layout_basic, grunt_lair_entry_orc_guard_hut, nrook_uturn,
          roderic_lattice_a
D:9:      layout_rooms
D:10:     nicolae_cairo_tiling_very_big, layout_basic
D:11:     layout_stronghold
D:12:     layout_basic, david_orc_5, uniq_lodul
D:13:     nicolae_aperiodic_l_corner, layout_irregular_city,
          nicolae_twisty_statue_hallways
D:14:     layout_gridville, erik_vaults_2, gauntlet_entry_generic,
          grunt_decor_one_mirror, minivault_24
D:15:     gammafunk_enter_depths_forms, layout_basic, grunt_decor_fettered,
          nicolae_gozag_seed_capital, uniq_rupert
Lair:1:   layout_loops_ring, lemuel_old_faithful, lemuel_fruit_fields,
          serial_bayou_shore_b, grunt_megastairs_2
Lair:2:   layout_regular_city, st_stairs_4, serial_bayou_shore_b,
          grunt_megastairs_3
Lair:3:   layout_chaotic_city, minmay_shoals_entry_beasts,
          minmay_snake_entry_guardpost_small, nicolae_lair_run_with_the_wolves
Lair:4:   layout_hall_layers, dpeg_slime_entry_enclosed, lemuel_fruit_tree,
          uniq_kirke
Lair:5:   grunt_lair_end_beastmaster, layout_long_grid, eino_house_with_fridge,
          infiniplex_staircase_pool_2, uniq_urug
Shoals:1: layout_shoals, lemuel_centaur_altar
Shoals:2: layout_shoals, yaktaur_hedge
Shoals:3: layout_shoals, uniq_ilsuiw
Shoals:4: shoals_end_hellmonk_holy_island
Snake:1:  layout_grid_maze
Snake:2:  layout_rooms, serial_library_hellmonk_open_cross, serial_bayou_shore_a
Snake:3:  layout_onion_interference, ebering_ghost_inner_flame, drop_trap,
          serial_library_hellmonk_room_a, uniq_vashnia
Snake:4:  grunt_snake_rune_pools, layout_chambers, basic_altar
Slime:1:  layout_caves, nicolae_slime_barrier
Slime:2:  layout_caves
Slime:3:  layout_caves, basic_altar
Slime:4:  layout_caves
Slime:5:  slime_pit_nicolae_amoeboid
Orc:1:    lemuel_ogre_cave, layout_caves, serial_shops, nicolae_square_shop,
          basic_altar
Orc:2:    grunt_orc_tribal_feast, layout_diamond_mine
Elf:1:    nicolae_elf_arrival_fired_up, layout_loops_corners,
          gammafunk_ghost_cemetery, evilmike_minifort
Elf:2:    elven_hall_of_blades_hangedman_original
          [nicolae_blade_entry_pointy_end], layout_onion_city
Elf:3:    minmay_elf_hall_four_x, layout_gridlike, serial_shops,
          nicolae_shop_advertising_works [nicolae_subvault_shop_adworks],
          nicolae_elf_v_pinch, onia_ninara_cookie
Vaults:1: gammafunk_ghost_cemetery, hangedman_vaults_stagger,
          nicolae_vaults_spaceships, nicolae_vaults_diamond_1,
          grunt_vaults_focal, v_misc_1, ontoclasm_vaults_loading_screen,
          special_room_vaults [special_room_orc], hangedman_vaults_nails,
          vaults_dpeg_encased_lava, nicolae_vaults_heart-shaped_vault,
          nicolae_vaults_house_1, nicolae_vaults_tetromino_Z_1,
          layout_vaults_quadrants
Vaults:2: nicolae_vaults_stepped_doors, nicolae_vaults_offset_grid_hallway_2,
          v_misc_12, nicolae_vaults_trapezoid_1, nicolae_vaults_quartermaster,
          vaults_room_pool, v_rooms_5, nicolae_vaults_wrenched,
          nicolae_vaults_diamond_2, vaults_room_hallway,
          vaults_dpeg_emergency_exit, nicolae_vaults_sealed_display,
          ontoclasm_vaults_fault, layout_vaults_omnicross, uniq_aizul
Vaults:3: nicolae_vaults_offset_grid_hallway_3, minmay_crypt_entry_necro_gods,
          v_misc_27, nicolae_vaults_what_the_h,
          nicolae_vaults_heart-shaped_vault, v_misc_23,
          hangedman_vaults_stitches, nicolae_vaults_door_testing_chamber,
          nicolae_vaults_cochlea, grunt_vaults_funnel,
          nicolae_vaults_double_plus_2, layout_vaults_big_room, uniq_sojobo
Vaults:4: nicolae_vaults_closet_pinwheel_5, nicolae_vaults_three_branches,
          vaults_room_grid, nicolae_vaults_trapezoid_lopsided_4,
          st_quartered_hall, nicolae_vaults_storage_room_glass, serial_ice_h,
          nicolae_vaults_closet_pinwheel_2, vaults_mumra_lcd,
          vaults_room_corners, hangedman_vaults_trim,
          nicolae_vaults_offset_grid_hallway_1, nicolae_vaults_more_shelving_1,
          nicolae_vaults_gold_heap, nicolae_vaults_little_squares_6,
          vaults_room_door_ring, hangedman_vaults_stretched_pinwheel,
          layout_vaults_maze, uniq_margery
Depths:1: layout_basic, enter_ziggurat_b, enter_trove_2,
          pf_vacation_house_of_asmodeus, gammafunk_ghost_tricky_traps,
          abyss_entry, minmay_tree_intersection, kennysheep_generic_room_9
Depths:2: minmay_the_grid_triangle_9x9_rhombus_thin_mashed
          [minmay_the_grid_triangle_9x9_negative_grid,
          minmay_the_grid_triangle_9x9_prize_top_heavy,
          minmay_the_grid_triangle_9x9_thin_v,
          minmay_the_grid_triangle_9x9_sprig], layout_small_grid,
          rand_demon_pan_entry_9, basic_altar, hell_entry,
          yredelemnul_forgotten_temple_becter, infiniplex_staircase_zigzag_2,
          uniq_norris
Depths:3: hangedman_cross_stitches, layout_cave_shapes, solitary_fountain,
          minmay_room_of_horrors, hell_entry, rand_demon_pan_entry_8,
          uniq_josephina, uniq_grunn

Skill      XL: |  1  2  3  4  5  6  7  8  9 10 11 12 13 14 15 16 17 18 19 20 21 22 23 24 |
---------------+-------------------------------------------------------------------------+-----
Stealth        | 3 4 5 6 7 8 9 10 | 10.0
Dodging        | 3 4 5 6 7 8 9 10 | 10.0
Spellcasting   | 3 4 5 6 7 8 9 10 12 13 14 15 16 | 16.0
Fire Magic     | 1 2 3 4 5 |  5.0
Fighting       | 1 2 3 4 5 6 7 8 9 10 11 | 11.9
Summonings     | 5 6 7 8 9 10 11 13 14 | 14.0
Air Magic      | 2 3 4 5 6 7 |  7.0
Armour         | 1 4 5 7 10 11 | 11.3
Necromancy     | 3 5 7 8 9 11 12 13 14 15 19 21 23 | 23.5
Translocations | 2 3 4 |  4.0
Shields        | 2 4 5 6 7 10 | 10.0
Hexes          | 4 5 |  5.0
Ranged Weapons | 2 7 10 11 12 14 17 18 | 18.0
Axes           | 1 3 |  3.7

Action                     |  1- 3 |  4- 6 |  7- 9 | 10-12 | 13-15 | 16-18 | 19-21 | 22-24 || total
---------------------------+-------+-------+-------+-------+-------+-------+-------+-------++-------
  Melee: Unarmed           |    11 |       |       |       |     1 |       |       |       ||    12
         Dagger            |     2 |    67 |    58 |    82 |    68 |       |       |       ||   277
         Mace              |       |       |     2 |       |       |       |       |       ||     2
         Hand axe          |       |       |       |    25 |       |       |       |       ||    25
         Flail             |       |       |       |    22 |       |       |       |       ||    22
         Long sword        |       |       |       |       |     4 |       |       |       ||     4
   Fire: Hand cannon       |       |       |    41 |    78 |   235 |   297 |   432 |   205 ||  1288
   Cast: Summon Small Mamm |    30 |    22 |    25 |     8 |       |       |       |       ||    85
         Call Imp          |    10 |    14 |    18 |     9 |    17 |     2 |    12 |     3 ||    85
         Call Canine Famil |     1 |    15 |    16 |     9 |    13 |     3 |    12 |     3 ||    72
         Summon Blazeheart |       |     1 |    14 |    58 |    82 |    56 |    21 |    11 ||   243
         Summon Lightning  |       |       |     1 |    40 |    33 |    22 |    22 |     4 ||   122
         Animate Dead      |       |       |       |    12 |    32 |    37 |    32 |    19 ||   132
         Anguish           |       |       |       |    10 |   101 |   135 |   297 |   196 ||   739
         Death Channel     |       |       |       |       |    18 |    56 |    47 |    26 ||   147
         Haunt             |       |       |       |       |       |     8 |   198 |   141 ||   347
         Blink             |       |       |       |       |       |     2 |     1 |     3 ||     6
         Infestation       |       |       |       |       |       |       |    14 |    78 ||    92
 Invoke: Unearth Wretches  |       |       |       |     1 |    16 |    34 |       |       ||    51
         Receive Forbidden |       |       |       |       |     1 |       |       |       ||     1
         Slimify           |       |       |       |       |       |       |     1 |       ||     1
         Oozemancy         |       |       |       |       |       |       |     1 |       ||     1
  Evoke: Wand              |       |       |     1 |     4 |    14 |    11 |     1 |     1 ||    32
         Phantom mirror    |       |       |       |       |       |     1 |       |     2 ||     3
    Use: Scroll            |       |     4 |    12 |     7 |    24 |    11 |     6 |     3 ||    67
         Potion            |       |       |     2 |     2 |    14 |     8 |     5 |       ||    31
   Stab: Sleeping          |     1 |     9 |     7 |     5 |     6 |       |       |       ||    28
         Distracted        |     1 |     1 |       |       |       |       |       |       ||     2
         Paralysed         |       |       |       |     2 |     4 |       |       |       ||     6
 Armour: Robe              |    11 |    38 |    60 |       |       |       |       |       ||   109
         Leather armour    |       |       |     9 |   223 |   322 |       |       |       ||   554
         Skin              |       |       |       |       |     1 |       |       |       ||     1
         Ring mail         |       |       |       |       |    13 |   328 |    89 |       ||   430
         Troll leather arm |       |       |       |       |       |       |   240 |   182 ||   422
  Dodge: Dodged            |     8 |    58 |    72 |   349 |   346 |   200 |   255 |   138 ||  1426
         Repelled          |       |       |       |       |    30 |    50 |   101 |    55 ||   236
  Block: Buckler           |       |       |       |       |    57 |   126 |    27 |       ||   210
         Kite shield       |       |       |       |       |       |       |   240 |   171 ||   411
         Reflection        |       |       |       |       |       |       |    56 |    18 ||    74

Table legend: (Time is in decaauts)
 A = Elapsed time spent in this place.
 B = Non-inter-level travel time spent in this place.
 C = Inter-level travel time spent in this place.
 D = Time resting spent in this place.
 E = Time spent auto-exploring this place.
 F = Levels seen in this place.
 G = Mean time per level.
                   A        B        C        D        E       F      G
               +--------+--------+--------+--------+--------+-----+--------+
         Total |  56880 |  52738 |   4142 |   8622 |  27573 |  48 | 1185.0 |
       Dungeon |  20145 |  18888 |   1257 |   3505 |  11654 |  15 | 1343.0 |
          Lair |   7753 |   6691 |   1062 |   1278 |   3486 |   5 | 1550.6 |
        Shoals |   2820 |   2511 |    309 |      0 |   1249 |   4 |  705.0 |
     Snake Pit |   5395 |   5199 |    196 |    366 |   2916 |   4 | 1348.8 |
    Slime Pits |   3698 |   3258 |    440 |    871 |    262 |   5 |  739.6 |
  Orcish Mines |   2403 |   2248 |    155 |    323 |    948 |   2 | 1201.5 |
   Elven Halls |   6301 |   5941 |    360 |   1969 |   2072 |   3 | 2100.3 |
        Vaults |   4862 |   4589 |    273 |     56 |   2873 |   4 | 1215.5 |
        Depths |   2591 |   2504 |     87 |    113 |   1629 |   3 |  863.7 |
         Abyss |      3 |      3 |      0 |      0 |      0 |   1 |    3.0 |
         Sewer |    366 |    366 |      0 |      0 |    270 |   1 |  366.0 |
       Ossuary |    536 |    536 |      0 |    139 |    212 |   1 |  536.0 |
               +--------+--------+--------+--------+--------+-----+--------+

Top non-repeatable levels by time:
   Elf:2: 2504 daAuts
  Lair:4: 2372 daAuts
     D:8: 2134 daAuts
    D:12: 2076 daAuts
 Snake:3: 2076 daAuts
   Elf:3: 1995 daAuts
    D:13: 1984 daAuts
    D:14: 1981 daAuts
   Elf:1: 1801 daAuts
    D:11: 1727 daAuts
    D:15: 1678 daAuts
  Lair:2: 1590 daAuts
  Lair:3: 1463 daAuts
     D:4: 1437 daAuts
   Orc:2: 1399 daAuts
